 Dungeon Crawl Stone Soup version 0.26-a0-1191-ge2a0e31ab3 (console) character file.

Game seed: 2141648386158495744

32 casual the Skirmisher (level 3, 0/36 HPs)
             Began as a Troll Delver on Dec 28, 2020.
             Slain by an ice beast (13 damage)
             ... on level 5 of the Dungeon.
             The game lasted 00:00:42 (153 turns).

casual the Skirmisher (Troll Delver)                 Turns: 153, Time: 00:00:43

Health: 0/36       AC:  6    Str: 20    XL:     3   Next: 8%
Magic:  2/2        EV: 10    Int:  7    God:
Gold:   6          SH:  0    Dex: 11    Spells: 2/2 levels left

rFire    . . .     SeeInvis .     - Unarmed
rCold    . . .     Faith    .   (no shield)
rNeg     . . .     Spirit   .   a - +0 robe
rPois    .         Reflect  .   (helmet restricted)
rElec    .         Harm     .   (no cloak)
rCorr    .         Rampage  .   (gloves unavailable)
Will     .....                  (boots unavailable)
Stlth    ++........             (no amulet)
HPRegen  0.52/turn              (no ring)
MPRegen  0.08/turn              (no ring)

@: no status effects
A: large, unfitting armour, claws 3, regeneration 1, shaggy fur 1, tough skin 3
a: no special abilities


You were on level 5 of the Dungeon.
You visited 1 branch of the dungeon, and saw 1 of its levels.

You collected 6 gold pieces.

Inventory:

Armour
 a - a +0 robe (worn)
Wands
 f - a wand of digging (3)
Scrolls
 b - a scroll of fog
 c - a scroll of magic mapping
 d - a scroll of fear
 g - a scroll of identify {unknown}
Potions
 e - a potion of haste


   Skills:
 + Level 2.8 Fighting
 + Level 2.1 Dodging
 - Level 2.7 Stealth
 + Level 2.6 Unarmed Combat


You had 2 spell levels left.
You didn't know any spells.
Your spell library was empty.

Dungeon Overview and Level Annotations

Branches:
Dungeon (5/15)
 Temple: D:4-7

Altars:


Innate Abilities, Weirdness & Mutations

You are too large for most types of armour.
You have claws for hands.
Your natural rate of healing is unusually fast.
You are covered in fur. (AC +1)
You have extremely tough skin. (AC +3)


Message History

You are too injured to fight recklessly!
You are too injured to fight recklessly!
You are too injured to fight recklessly!
You are too injured to fight recklessly!
You barely miss the ice beast. The ice beast hits you.
The ice beast freezes you!
You take 12 damage, and have 11/36 hp.
MASSIVE DAMAGE!!
A quokka comes into view.
The ice beast hits you. The ice beast freezes you!
* * * LOW HITPOINT WARNING * * *
You take 14 damage, and have 6/36 hp.
MASSIVE DAMAGE!!
The ice beast closely misses you.
You closely miss the ice beast. The ice beast closely misses you.
You claw the ice beast!
The ice beast is moderately wounded.
The ice beast hits you. The ice beast freezes you!
* * * LOW HITPOINT WARNING * * *
You take 14 damage, and have 7/36 hp.
MASSIVE DAMAGE!!
The ice beast hits you. The ice beast freezes you!
You die...

█.................
█................
█..........██....
█..........█ ...
█..........█ .█+█
█..........██.█
█████.........█
█Y█████.█.█
█@█████.█.█
█.......█.█
█.......█.█
█.........█
█...).....█
█........>███████.
█.........)..)....


██████████████████ You could see an ice beast.

Vanquished Creatures
  An orc wizard (D:5)
  2 orcs (D:5)
3 creatures vanquished.

Notes
Turn   | Place    | Note
-------+----------+-------------------------------------------
     0 | D:5      | casual the Troll Delver began the quest for the Orb.
     0 | D:5      | Reached XP level 1. HP: 22/22 MP: 0/0
    15 | D:5      | Noticed an orc wizard
    49 | D:5      | Killed an orc wizard
    50 | D:5      | Reached XP level 2. HP: 29/29 MP: 1/1
    50 | D:5      | Reached XP level 3. HP: 36/36 MP: 2/2
    83 | D:5      | Noticed an ice beast
   153 | D:5      | Slain by an ice beast

Illustrated notes

Levels and vault maps discovered:
D:5:      layout_basic, lemuel_temple_firewalk_b, serial_shops, shop,
          kennysheep_mini, uniq_menkaure, uniq_sigmund

Skill      XL: |  1 |
---------------+----+-----
Dodging        | 2 |  2.1
Fighting       | |  2.8
Stealth        | |  2.7
Unarmed Combat | |  2.6

Action                   || total
-------------------------++-------
Melee: Unarmed           ||    18
Armor: Robe              ||     2
Dodge: Dodged            ||     5

Table legend: (Time is in decaauts)
 A = Elapsed time spent in this place.
 B = Non-inter-level travel time spent in this place.
 C = Inter-level travel time spent in this place.
 D = Time resting spent in this place.
 E = Time spent auto-exploring this place.
 F = Levels seen in this place.
 G = Mean time per level.
                   A        B        C        D        E       F      G
               +--------+--------+--------+--------+--------+-----+--------+
         Total |    152 |    152 |      0 |      0 |     44 |   1 |  152.0 |
       Dungeon |    152 |    152 |      0 |      0 |     44 |   1 |  152.0 |
               +--------+--------+--------+--------+--------+-----+--------+

Top non-repeatable levels by time:
     D:5: 152 daAuts
